 Dungeon Crawl Stone Soup version 0.24-b1-44-g37ad8b309f (webtiles) character file.

Game seed: 63375231351746371, levelgen mode: deterministic

3925 Emblim88 the Shield-Bearer (level 10, -7/94 HPs)
             Began as a Troll Monk on Oct 24, 2019.
             Was a Believer of Qazlal.
             Mangled by a killer bee (12 damage)
             ... on level 8 of the Dungeon.
             The game lasted 00:15:09 (4689 turns).

Emblim88 the Shield-Bearer (Troll Monk)             Turns: 4689, Time: 00:15:10

Health: -7/94      AC:  8    Str: 28    XL:     10   Next: 1%
Magic:  12/12      EV: 15    Int:  6    God:    Qazlal [**....]
Gold:   226        SH: 14    Dex: 15    Spells: 9/9 levels left

rFire    + . .     SeeInvis .     - Unarmed
rCold    . . .     Gourm    +   s - +0 shield
rNeg     . . .     Faith    .   a - +0 robe
rPois    +         Spirit   .   x - +0 hat
rElec    .         Reflect  .   e - +0 cloak
rCorr    .         Harm     .   (gloves unavailable)
MR       .....     Clarity  +   (boots unavailable)
Stlth    +.........             (no amulet)
HPRegen  0.65/turn              f - ring of protection from fire
MPRegen  0.13/turn              v - +4 ring of evasion

@: mighty
A: large, unfitting armour, claws 3, agile 1, clarity, fast metabolism 3,
gourmand, poison resistance, regeneration 1, shaggy fur 2, tough skin 3
a: Upheaval, Renounce Religion


You were on level 8 of the Dungeon.
You worshipped Qazlal.
Qazlal was pleased with you.
You were not hungry.

You visited 2 branches of the dungeon, and saw 8 of its levels.

You collected 226 gold pieces.

Inventory:

Hand Weapons
 u - a +1 morningstar of crushing
Armour
 a - a +0 robe (worn)
 e - a +0 cloak (worn)
 q - +0 steam dragon scales
 s - a +0 shield (worn)
 x - a +0 hat (worn)
Jewellery
 f - a ring of protection from fire (left claw)
 v - a +4 ring of evasion (right claw)
Wands
 l - a wand of enslavement (7)
Scrolls
 c - a scroll of enchant weapon
 g - a scroll of amnesia
 j - 6 scrolls of remove curse
 m - 4 scrolls of teleportation
 o - 2 scrolls of identify
 p - 3 scrolls of noise
Potions
 i - a potion of mutation
 n - 3 potions of flight
Comestibles
 b - 8 rations


   Skills:
 - Level 4.8 Fighting
 - Level 4.7 Dodging
 - Level 1.0 Stealth
 * Level 6.2 Shields
 - Level 5.8 Unarmed Combat
 * Level 5.2 Invocations
 - Level 4.5 Evocations


You had 9 spell levels left.
You didn't know any spells.
Your spell library contained the following spells:

 Spells                   Type           Power        Failure   Level  Hunger
 Flame Tongue             Conj/Fire      #....        65%         1    ##.....
 Throw Flame              Conj/Fire      #.....       80%         2    ###....
 Conjure Flame            Conj/Fire      #.......     95%         3    ####...
 Inner Flame              Hex/Fire       #.......     95%         3    ####...
 Sticky Flame             Conj/Fire      #.......     100%        4    #####..
 Fireball                 Conj/Fire      #.........   100%        5    ######.


Dungeon Overview and Level Annotations

Branches:
Dungeon (8/15)             Temple (1/1) D:6
   Lair: D:8-11

Altars:
Ashenzari
Cheibriados
Dithmenos
Elyvilon
Fedhas
Gozag
Hepliaklqana
Kikubaaqudgha
Makhleb
Okawaru
Qazlal
Ru
Sif Muna
Uskayaw
Vehumet
Xom
Yredelemnul
Zin
The Shining One

Shops:
D:7 *


Innate Abilities, Weirdness & Mutations

You are too large for most types of armour.
You have claws for hands.
Your metabolism is lightning-fast.
You like to eat raw meat.
Your natural rate of healing is unusually fast.
You are covered in thick fur. (AC +2)
You have extremely tough skin. (AC +3)
You are agile. (Dex +2)
You possess an exceptional clarity of mind.
Your system is resistant to poisons. (rPois)


Message History

The killer bee is engulfed in blazing flames.
You block the killer bee's attack.
The killer bee is engulfed in blazing flames.
The killer bee closely misses you.
A killer bee comes into view.
The queen bee is engulfed in freezing vapours.
You kill the queen bee!
Qazlal accepts your kill.
You have reached level 10!
You hear an angry buzzing noise.
You block the killer bee's attack. The killer bee closely misses you. x2
You see here a queen bee corpse.
You closely miss the killer bee.
The killer bee is moderately wounded.
The killer bee is engulfed in blazing flames.
The killer bee stings you.
* * * LOW HITPOINT WARNING * * *
The killer bee is engulfed in blazing flames.
The killer bee stings you!
You die...

...............##......#..#...#
#......................##......
###..................#...#...##..
.........................#.......
#.....y.......##.###........#...
.#.............#....#........)...
.............#..#................
.........###.#.†###†......#......
.....>....##...†@..†...........#.
...............○y..............#.
.......)..#.÷.y.......###........
..........#..................#...
..................#..............
............#.....##.............
..<#....!..##....................
...#........#.###.###....#....###
.. #........#.. #.##..####..#..#


You could see 2 killer bees.

Vanquished Creatures
  A two-headed ogre (D:8)
  A queen bee (D:8)
  Sigmund (D:3)
  A steam dragon (D:8)
  Duvessa (D:6)
  2 orc warriors (D:7)
  4 sky beasts
  2 ice beasts
  A phantom (D:6)
  An ogre (D:8)
  2 centaurs
  4 bullfrogs
  Dowan (D:6)
  11 killer bees
  5 howler monkeys (D:7)
  2 crimson imps
  A bullfrog zombie (D:7)
  2 orc wizards
  An orc priest (D:3)
  2 hounds
  A jelly (D:6)
  2 iguanas
  A worker ant (D:7)
  Natasha (thrice) (D:2)
  Robin (D:2)
  8 gnolls (D:7)
  8 adders
  An ooze (D:4)
  An adder zombie (D:7)
  An adder skeleton (D:4)
  3 worms (D:2)
  2 leopard geckos (D:7)
  18 orcs
  5 bats
  3 giant cockroaches
  22 goblins
  10 hobgoblins
  2 jackals (D:3)
  4 ball pythons
  2 frilled lizards
  10 kobolds
  6 rats
160 creatures vanquished.

Notes
Turn   | Place    | Note
-------+----------+-------------------------------------------
     0 | D:1      | Emblim88 the Troll Monk began the quest for the Orb.
     0 | D:1      | Reached XP level 1. HP: 22/22 MP: 0/0
    52 | D:1      | Reached XP level 2. HP: 17/29 MP: 1/1
   701 | D:2      | Noticed Natasha
   712 | D:2      | Killed Natasha
   712 | D:2      | Reached XP level 3. HP: 11/36 MP: 2/2
   951 | D:2      | Reached XP level 4. HP: 45/45 MP: 3/3
  1031 | D:2      | Noticed Natasha
  1038 | D:2      | Killed Natasha
  1057 | D:2      | Reached skill level 1 in Evocations
  1174 | D:2      | Noticed Natasha
  1178 | D:2      | Killed Natasha
  1178 | D:2      | Reached XP level 5. HP: 53/53 MP: 4/4
  1258 | D:2      | Noticed Robin
  1291 | D:2      | Killed Robin
  1468 | D:3      | Found a white marble altar of Elyvilon.
  1779 | D:3      | Noticed Sigmund
  1785 | D:3      | Killed Sigmund
  1785 | D:3      | Reached XP level 6. HP: 51/61 MP: 6/6
  2326 | D:3      | Found a burning altar of Makhleb.
  2620 | D:4      | You fall into a shaft and drop 3 floors!
  2620 | D:7      | Noticed an orc warrior
  2636 | D:7      | Killed an orc warrior
  2636 | D:7      | Reached skill level 1 in Shields
  2636 | D:7      | Reached XP level 7. HP: 22/68 MP: 8/8
  2786 | D:7      | Gained mutation: You possess an exceptional clarity of
                  | mind. [potion of mutation]
  2786 | D:7      | Gained mutation: You are covered in thick fur. (AC +2)
                  | [potion of mutation]
  2786 | D:7      | Gained mutation: Your system is resistant to poisons.
                  | (rPois) [potion of mutation]
  2786 | D:7      | Gained mutation: You are agile. (Dex +2) [potion of
                  | mutation]
  2817 | D:7      | Reached skill level 2 in Shields
  2817 | D:7      | Reached skill level 5 in Unarmed Combat
  2828 | D:7      | Reached XP level 8. HP: 52/78 MP: 9/9
  2866 | D:7      | Reached skill level 3 in Shields
  3211 | D:6      | Found a staircase to the Ecumenical Temple.
  3223 | Temple   | Entered the Ecumenical Temple
  3406 | Temple   | Became a worshipper of Qazlal Stormbringer
  3406 | Temple   | Reached * piety under Qazlal
  3406 | Temple   | Reached ** piety under Qazlal
  3486 | D:6      | Noticed Dowan
  3487 | D:6      | Noticed Duvessa
  3518 | D:6      | Killed Duvessa
  3526 | D:6      | Killed Dowan
  3581 | D:6      | Reached skill level 1 in Invocations
  3581 | D:6      | Reached XP level 9. HP: 85/87 MP: 11/11
  3629 | D:6      | Reached skill level 4 in Shields
  3795 | D:6      | Found a snail-covered altar of Cheibriados.
  4170 | D:7      | Found Zin's Purification Station.
  4183 | D:7      | Found a glowing silver altar of Zin.
  4515 | D:8      | Reached skill level 5 in Shields
  4523 | D:8      | Noticed a two-headed ogre
  4551 | D:8      | Killed a two-headed ogre
  4626 | D:8      | Reached skill level 6 in Shields
  4656 | D:8      | Reached skill level 5 in Invocations
  4668 | D:8      | Noticed a queen bee
  4687 | D:8      | Killed a queen bee
  4687 | D:8      | Reached XP level 10. HP: 6/94 MP: 12/12
  4689 | D:8      | Mangled by a killer bee

Skill      XL: |  1  2  3  4  5  6  7  8  9 |
---------------+----------------------------+-----
Fighting       | 3 4 |  4.8
Dodging        | 3 4 |  4.7
Evocations     | 1 2 3 4 |  4.5
Unarmed Combat | 4 5 |  5.8
Shields        | 1 2 3 6 |  6.2
Invocations    | 1 5 |  5.2
Stealth        | |  1.0

Action                   |  1- 3 |  4- 6 |  7- 9 | 10-12 || total
-------------------------+-------+-------+-------+-------++-------
Melee: Unarmed           |    82 |   186 |   286 |     1 ||   555
       Punch             |       |     2 |       |       ||     2
Evoke: Wand              |       |       |     1 |       ||     1
  Use: Potion            |       |       |    11 |       ||    11
       Scroll            |       |       |     6 |       ||     6
 Stab: Sleeping          |     3 |       |       |       ||     3
  Eat: Chunk             |    13 |    17 |    12 |       ||    42
Armor: Robe              |    37 |    56 |    59 |       ||   152
Dodge: Dodged            |    40 |   103 |   179 |     2 ||   324
Block: Shield            |       |    14 |   153 |     1 ||   168
